 Dungeon Crawl Stone Soup version 0.23.0 (webtiles) character file.

Game seed: 15971893789431538048

625 MalarOregon the Spear-Bearer (level 7, -1/51 HPs)
             Began as a Merfolk Skald on Feb 12, 2019.
             Was an Initiate of Nemelex Xobeh.
             Slain by a phantom (7 damage)
             ... on level 5 of the Dungeon.
             The game lasted 00:08:49 (5911 turns).

MalarOregon the Spear-Bearer (Merfolk Skald)        Turns: 5911, Time: 00:08:50

Health: -1/51      AC:  4    Str: 14    XL:     7   Next: 47%
Magic:  10/10      EV: 12    Int: 12    God:    Nemelex Xobeh [......]
Gold:   241        SH:  4    Dex: 13    Spells: 6/10 levels left

rFire    . . .     SeeInvis +   a - +0 spear (venom)
rCold    . . .     Gourm    .   s - +0 buckler
rNeg     . . .     Faith    .   b - +0 leather armour
rPois    .         Spirit   .   (no helmet)
rElec    .         Reflect  .   (no cloak)
rCorr    .         Harm     .   (no gloves)
MR       .....                  p - +0 pair of boots
Stlth    +.........             (no amulet)
HPRegen  0.17/turn              j - ring of wizardry
MPRegen  0.12/turn              z - ring of see invisible

@: no status effects
A: change form in water, swift swim, stealthy swim
a: Draw Escape, Draw Destruction, Draw Summoning, Renounce Religion


You were on level 5 of the Dungeon.
You worshipped Nemelex Xobeh.
Nemelex Xobeh was noncommittal.
You were not hungry.

You visited 2 branches of the dungeon, and saw 6 of its levels.

You collected 241 gold pieces.

Inventory:

Hand Weapons
 a - a +0 spear of venom (weapon)
   (You found it on level 5 of the Dungeon)
Armour
 b - a +0 leather armour (worn)
 c - a +0 large shield
   (You found it on level 1 of the Dungeon)
 p - a +0 pair of boots (worn)
   (You found it on level 2 of the Dungeon)
 s - a +0 buckler (worn)
   (You found it on level 3 of the Dungeon)
Jewellery
 j - a ring of wizardry (left hand)
   (You found it on level 1 of the Dungeon)
 z - a ring of see invisible (right hand)
   (You found it on level 5 of the Dungeon)
Wands
 u - a wand of scattershot (4)
   (You found it on level 4 of the Dungeon)
Scrolls
 f - 2 scrolls of immolation {!r}
 h - a scroll of teleportation {@r4}
 o - a scroll of identify {@r1}
 t - 4 scrolls of magic mapping
Potions
 g - 2 potions of heal wounds {@q2}
 k - 2 potions of haste {@q3}
 l - 4 potions of curing {@q1}
 m - 2 potions of brilliance {unknown}
 n - a potion of magic {unknown}
 x - 2 potions of might {unknown}
Comestibles
 d - a chunk of flesh
 e - 19 rations {!d}


   Skills:
 - Level 2.9 Fighting
 + Level 10.4 Polearms
 - Level 1.1 Armour
 - Level 3.4 Dodging
 - Level 1.0 Shields
 - Level 2.0 Spellcasting
 - Level 3.5 Charms


You had 6 spell levels left.
You knew the following spells:

 Your Spells              Type           Power        Failure   Level  Hunger
a - Infusion              Chrm           #...         4%          1    ##.....
e - Regeneration          Chrm/Necr      #.........   28%         3    ####...

Your spell library contained the following spells:

 Spells                   Type           Power        Failure   Level  Hunger
 Song of Slaying          Chrm           #.......     8%          2    ###....
 Shroud of Golubria       Chrm/Tloc      #.........   16%         2    ###....
 Sandblast                Erth           #.....       21%         1    ##.....
 Passwall                 Tmut/Erth      #.......     28%         2    ###....
 Spectral Weapon          Hex/Chrm       #.......     28%         3    ####...
 Stone Arrow              Conj/Erth      #.....       50%         3    ####...
 Petrify                  Tmut/Erth      #.......     86%         4    #####..
 Lee's Rapid Deconstruct  Erth           #.........   99%         5    ######.


Dungeon Overview and Level Annotations

Branches:
Dungeon (5/15)             Temple (1/1) D:5

Altars:
Ashenzari
Cheibriados
Dithmenos
Fedhas
Gozag
Kikubaaqudgha
Makhleb
Nemelex Xobeh
Okawaru
Qazlal
Ru
Sif Muna
Uskayaw
Vehumet
Wu Jian
Xom
Yredelemnul
Zin
The Shining One


Message History

It was a potion of berserk rage.
A red film seems to cover your vision as you go berserk!
You feel yourself moving faster!
You feel mighty!
The phantom blinks!
You feel a strong urge to attack something.
You feel your anger nearly subside.
You are feeling hungry.
You are no longer berserk.
You pass out from exhaustion.
You feel yourself slow down.
You can move again.
A phantom is nearby!
It was a potion of curing.
You feel better.
You hit the phantom. The phantom hits you.
* * * LOW HITPOINT WARNING * * *
You hit the phantom. The phantom closely misses you.
You hit the phantom. The phantom barely misses you.
You barely miss the phantom.
The phantom hits you but does no damage.
You closely miss the phantom.
The phantom blinks!
Attack whom?
Aim: a phantom (heavily damaged)
You reach to attack!
You miss the phantom. You hit the phantom. The phantom barely misses you.
You barely miss the phantom. The phantom hits you.
* * * LOW HITPOINT WARNING * * *
The phantom blinks!
Attack whom?
Okay, then.
Attack whom?
Aim: a phantom (severely damaged)
You reach to attack!
You hit the phantom but do no damage. You hit the phantom but do no damage.
The phantom blinks!
The phantom blinks!
You start resting.
Eating one of 2 chunks of flesh.
You eat one of the 2 chunks of flesh.
The phantom is too close now for your liking.
You are starting to lose your buoyancy.
You feel yourself speed up.
The phantom blinks!
The phantom blinks!
You start resting.
You float gracefully downwards.
The phantom is too close now for your liking.
A phantom is nearby!
You recover from your berserk rage.
You hit the phantom. The phantom hits you!
* * * LOW HITPOINT WARNING * * *
You hit the phantom. The phantom hits you!
You die...
Your body disappears without a glow.

.............#...#
.....
###.......#...+
..... #.......#...#
..... #.......#...#
...#
#.......#...##...###
#.......#...........
#.......#...........
#.......+..W........
#.......#..@##.####.
#...# .# #.... ..
#..... .. +.........
#....### ######


You could see a phantom.

Vanquished Creatures
  Grinder (D:3)
  An ogre (D:4)
  A howler monkey (D:4)
  A hound (D:3)
  2 worker ants (D:5)
  A worker ant zombie (D:5)
  A gnoll (D:4)
  9 adders
  3 worms (D:3)
  5 dart slugs
  4 leopard geckos
  13 orcs (D:4)
  2 giant cockroaches
  13 goblins
  18 hobgoblins
  A jackal (D:1)
  13 kobolds
  2 quokkas (D:2)
  A ball python (D:2)
  9 bats
  3 frilled lizards
  10 rats
114 creatures vanquished.

Notes
Turn   | Place    | Note
-------+----------+-------------------------------------------
     0 | D:1      | MalarOregon the Merfolk Skald began the quest for the Orb.
     0 | D:1      | Reached XP level 1. HP: 16/16 MP: 3/3
   263 | D:1      | Reached XP level 2. HP: 20/23 MP: 5/5
   483 | D:1      | Reached XP level 3. HP: 28/28 MP: 6/6
   605 | D:1      | Reached skill level 1 in Armour
   964 | D:2      | Learned a level 3 spell: Regeneration
  1024 | D:2      | Reached skill level 1 in Shields
  1024 | D:2      | Reached XP level 4. HP: 28/34 MP: 7/7
  1249 | D:2      | Reached skill level 4 in Polearms
  1271 | D:2      | HP: 1/34 [poisoned by an adder]
  2188 | D:3      | Found a shimmering altar of Xom.
  2259 | D:3      | Reached skill level 5 in Polearms
  2259 | D:3      | Reached XP level 5. HP: 35/40 MP: 8/8
  2615 | D:3      | Reached skill level 6 in Polearms
  3192 | D:3      | Noticed Grinder
  3994 | D:4      | Noticed an ogre
  4008 | D:4      | Reached skill level 7 in Polearms
  4008 | D:4      | Reached XP level 6. HP: 32/46 MP: 9/9
  4051 | D:4      | Reached skill level 8 in Polearms
  5159 | D:3      | Killed Grinder
  5159 | D:3      | Reached skill level 9 in Polearms
  5159 | D:3      | Reached XP level 7. HP: 47/51 MP: 10/10
  5251 | D:5      | Entered Level 5 of the Dungeon
  5257 | D:5      | Reached skill level 10 in Polearms
  5406 | D:5      | Found an opulent altar of Gozag.
  5424 | D:5      | Found a staircase to the Ecumenical Temple.
  5519 | Temple   | Entered the Ecumenical Temple
  5708 | Temple   | Became a worshipper of Nemelex Xobeh the Trickster
  5911 | D:5      | Slain by a phantom

Skill      XL: |  1  2  3  4  5  6  7 |
---------------+----------------------+-----
Dodging        | 3 |  3.4
Armour         | 1 |  1.1
Shields        | 1 |  1.0
Polearms       | 5 7 9 10 | 10.4
Fighting       | |  2.9
Spellcasting   | |  2.0
Charms         | |  3.5

Action                   |  1- 3 |  4- 6 |  7- 9 || total
-------------------------+-------+-------+-------++-------
Melee: Spear             |   142 |   426 |    56 ||   624
       Trident           |       |    13 |    31 ||    44
Evoke: Wand              |       |     1 |     1 ||     2
  Use: Potion            |       |     1 |     3 ||     4
       Scroll            |       |     8 |       ||     8
 Stab: Sleeping          |       |     4 |       ||     4
  Eat: Chunk             |     1 |    13 |     3 ||    17
Armor: Leather armour    |    22 |    56 |     7 ||    85
Dodge: Dodged            |    35 |   131 |    20 ||   186
Block: Large shield      |    64 |   100 |       ||   164
       Buckler           |       |    23 |     9 ||    32
